 Dungeon Crawl Stone Soup version 0.24-a0-251-g44e327e (webtiles) character file.

Game seed: 12052741315032250546

26 vorskei the Magician (level 2, -1/15 HPs)
             Began as a Deep Elf Wizard on Apr 16, 2019.
             Slain by an adder (4 damage)
             ... on level 2 of the Dungeon.
             The game lasted 00:02:49 (1334 turns).

vorskei the Magician (Deep Elf Wizard)              Turns: 1334, Time: 00:02:50

Health: -1/15      AC:  2    Str:  4    XL:     2   Next: 89%
Magic:  2/10       EV: 13    Int: 22    God:
Gold:   119        SH:  0    Dex: 13    Spells: 7/12 levels left

rFire    . . .     SeeInvis .   (no weapon)
rCold    . . .     Gourm    .   (no shield)
rNeg     . . .     Faith    .   a - +0 robe
rPois    .         Spirit   .   b - +0 hat
rElec    .         Reflect  .   (no cloak)
rCorr    .         Harm     .   (no gloves)
MR       .....                  (no boots)
Stlth    ++........             (no amulet)
HPRegen  0.05/turn              (no ring)
MPRegen  0.12/turn              (no ring)

@: lethally poisoned (-1 -> -6)
A: no striking features
a: no special abilities


You were on level 2 of the Dungeon.
You were not hungry.

You visited 1 branch of the dungeon, and saw 3 of its levels.

You collected 119 gold pieces.

Inventory:

Missiles
 j - 16 stones (quivered)
Armour
 a - a +0 robe (worn)
 b - a +0 hat (worn)
Jewellery
 e - an uncursed amulet of harm {unknown}
 h - an uncursed ring of magical power {unknown}
Scrolls
 f - 2 scrolls of teleportation {unknown}
 k - a scroll of blinking {unknown}
 m - 2 scrolls of remove curse {unknown}
 p - a scroll of immolation {unknown}
Potions
 c - 2 potions of heal wounds {unknown}
 g - 3 potions of degeneration {unknown}
 i - a potion of curing {unknown}
 l - 2 potions of mutation {unknown}
 n - a potion of magic {unknown}
Comestibles
 d - 4 rations
 o - 3 chunks of flesh


   Skills:
 - Level 2.4 Dodging
 - Level 2.4 Stealth
 + Level 5.8 Spellcasting
 - Level 1.1 Conjurations
 - Level 1.1 Summonings
 - Level 1.1 Translocations


You had 7 spell levels left.
You knew the following spells:

 Your Spells              Type           Power        Failure   Level  Hunger
a - Blink                 Tloc           N/A          9%          2    None
q - Magic Dart            Conj           ##..         6%          1    None
s - Call Imp              Summ           ##......     9%          2    None

Your spell library contained the following spells:

 Spells                   Type           Power        Failure   Level  Hunger
 Slow                     Hex            #.......     14%         2    None
 Conjure Flame            Conj/Fire      #.......     22%         3    ##.....
 Mephitic Cloud           Conj/Pois/Air  #.......     24%         3    ##.....


Dungeon Overview and Level Annotations

Branches:
Dungeon (3/15)

Altars:
Elyvilon
Ru
Uskayaw
Wu Jian


Message History

The adder misses you. The adder barely misses you.
There is a stone staircase leading up here.
The adder misses you.
You climb upwards.
There is a stone staircase leading down here.
The adder barely misses you. The adder bites you but does no damage.
The adder enters a dispersal trap!
You blink.
The adder blinks!
The adder bites you.
You see here a leather armour.
The adder misses you.
Your magical contamination has completely faded away.
The adder bites you.
You are poisoned.
The adder poisons you!
You feel sick. The adder bites you.
* * * LOW HITPOINT WARNING * * *
* * * LOW HITPOINT WARNING * * *
You feel sick. The adder bites you.
You die...

# ##..### #......#.# #
##...# ##.###...##
######### ###.# #.####....
รท.......## #.## #..####.##
#######..#####..##
##..###.## #
##.........#########.##...#
#
########<........##..#...#
# ##........###.#...#
#@S......# #.....#
#^.....[.# ##....#
#........# ##...#
#.>......# #...# ##########
#.... #..._ #...8 ##.._
#...


You could see an adder.

Vanquished Creatures
  An ooze (D:3)
  A leopard gecko (D:2)
  6 bats
  A giant cockroach (D:1)
  A hobgoblin (D:1)
  2 kobolds
  A quokka (D:2)
  4 frilled lizards
  A rat (D:2)
18 creatures vanquished.

Vanquished Creatures (collateral kills)
  A worm (D:1)
1 creature vanquished.

Grand Total: 19 creatures vanquished

Notes
Turn   | Place    | Note
-------+----------+-------------------------------------------
     0 | D:1      | vorskei the Deep Elf Wizard began the quest for the Orb.
     0 | D:1      | Reached XP level 1. HP: 10/10 MP: 7/7
   358 | D:1      | Reached skill level 5 in Spellcasting
   367 | D:1      | Reached XP level 2. HP: 15/15 MP: 3/10
   497 | D:2      | Noticed a +0 dagger
   497 | D:2      | Noticed a +0 dagger
   498 | D:2      | Found a hide-covered altar of Uskayaw.
   850 | D:1      | Learned a level 2 spell: Blink
   853 | D:1      | Learned a level 2 spell: Call Imp
  1028 | D:2      | Found a white marble altar of Elyvilon.
  1029 | D:2      | Found a sacrificial altar of Ru.
  1030 | D:2      | Found an ornate altar of the Wu Jian Council.
  1334 | D:2      | Slain by an adder

Levels and vault maps discovered:
D:1:      dpeg_arrival_ternary, layout_basic
D:2:      layout_rooms, chequers_temple_overflow_statue_of_worship,
          dancing_weapons_uskayaw, first_ration
D:3:      layout_basic, uniq_grinder, uniq_jessica

Skill      XL: |  1 |
---------------+----+-----
Spellcasting   | 5 |  5.8
Dodging        | |  2.4
Stealth        | |  2.4
Conjurations   | |  1.1
Summonings     | |  1.1
Translocations | |  1.1

Action                   || total
-------------------------++-------
Melee: Unarmed           ||     1
 Cast: Magic Dart        ||    55
       Call Imp          ||     3
  Eat: Chunk             ||     1
Armor: Robe              ||     9
Dodge: Dodged            ||    18

Table legend:
 A = Non-vault XP
 B = Vault XP
 C = Vault XP percentage of total XP
 D = Non-vault monster count
 E = Vault monster count
 F = Vault count percentage of total count
                 A         B        C        D         E       F
            +---------+---------+-------+---------+---------+-------
      Total |      38 |       0 |   0.0 |      19 |       0 |   0.0
            +---------+---------+-------+---------+---------+-------
        D:1 |      17 |       0 |   0.0 |       9 |       0 |   0.0
        D:2 |      14 |       0 |   0.0 |       9 |       0 |   0.0
        D:3 |       7 |       0 |   0.0 |       1 |       0 |   0.0
            +---------+---------+-------+---------+---------+-------
